 Dungeon Sprint DCSS version 0.28.0-43-g3370ac3207 (webtiles) character file.

Game seed: 8358303863895384250

740 boopmooplesden the Cleaver (level 7, -23/78 HPs)
             Began as a Minotaur Berserker on Mar 8, 2022.
             Was an Elder of Trog.
             Annihilated by a boulder beetle (25 damage)
             ... in the Dungeon (Sprint II: "The Violet Keep of Menkaure").
             The game lasted 00:01:31 (562 turns).

boopmooplesden the Cleaver (Minotaur Berserker)      Turns: 562, Time: 00:01:31

Health: -23/78     AC:  6    Str: 24    XL:     7   Next: 46%
Magic:  6/6        EV: 13    Int:  4    God:    Trog [****..]
Gold:   361        SH:  0    Dex:  9    Spells: 6/6 levels left

rFire   . . .      SeeInvis .   a - +0 hand axe
rCold   . . .      Faith    .   (no shield)
rNeg    . . .      Spirit   .   i - +1 leather armour of the Mackerel {Rampage Will+}
rPois   .          Reflect  .   j - +0 hat
rElec   .          Harm     .   (no cloak)
rCorr   .          Rampage  +   (no gloves)
Will    +....      NoTele   +   k - +0 pair of boots
Stlth   +.........              (no amulet)
HPRegen 0.23/turn               (no ring)
MPRegen 0.10/turn               (no ring)

@: on berserk cooldown, slowed, very slow
A: horns 2, retaliatory headbutt
a: Renounce Religion, Berserk, Trog's Hand, Brothers in Arms


You were in the Dungeon.
You worshipped Trog.
Trog was greatly pleased with you.
You visited 1 branch You collected 729 gold pieces.
You spent 368 gold pieces at shops.

Inventory:

Hand Weapons
 a - a +0 hand axe (weapon)
Armour
 b - a +0 animal skin
 i - the +1 leather armour of the Mackerel (worn) {Rampage Will+}
   (You bought it in a shop in the Dungeon)

   Rampage:   It bestows one free step when moving towards enemies.
   Will:      It increases your willpower.
 j - a +0 hat (worn)
 k - a +0 pair of boots (worn)
Scrolls
 h - a scroll of blinking
Potions
 c - 2 potions of curing
 d - a potion of heal wounds
 e - a potion of haste
 f - 2 potions of magic
 g - a potion of berserk rage


   Skills:
 + Level 12.6 Fighting
 + Level 12.8 Axes
 + Level 6.8 Armour
 + Level 6.3 Dodging


You had 6 spell levels left.
You didn't know any spells.
Your spell library was empty.

Dungeon Overview and Level Annotations

Branches:
Dungeon (1/1)

Altars:

Shops:
D [!:[!:(!:!=*=?[

Annotations:
D exclusion: oklob plant


Innate Abilities, Weirdness & Mutations

You have a pair of horns on your head.
You reflexively headbutt those who attack you in melee.


Message History

* * * LOW HITPOINT WARNING * * *
You hit the boulder beetle but do no damage.
You headbutt the boulder beetle, but do no damage.
The boulder beetle is moderately wounded.
You barely miss the boulder beetle.
The boulder beetle is moderately wounded.
The boulder beetle bites you!!
* * * LOW HITPOINT WARNING * * *
You hit the boulder beetle but do no damage.
The boulder beetle is moderately wounded.
The boulder beetle leaps!
You slash the boulder beetle!
The boulder beetle is heavily wounded.
The boulder beetle bites you!
* * * LOW HITPOINT WARNING * * *
You hit the boulder beetle but do no damage.
The boulder beetle is heavily wounded.
The boulder beetle curls into a ball and begins rolling!
You completely miss the boulder beetle.
The boulder beetle is heavily wounded.
You slash the boulder beetle!
The boulder beetle is heavily wounded.
The boulder beetle misses you.
You completely miss the boulder beetle.
The boulder beetle is heavily wounded.
You slash the boulder beetle! You headbutt the boulder beetle.
The boulder beetle is severely wounded.
You hit the boulder beetle but do no damage.
The boulder beetle leaps!
The boulder beetle misses you.
The boulder beetle stops rolling and uncurls.
There is a staircase leading out of the dungeon here.
You feel a strong urge to attack something.
You are no longer berserk.
You are exhausted.
You feel yourself slow down.
The boulder beetle leaps!
The boulder beetle curls into a ball and begins rolling!
The walls and floor vibrate strangely for a moment.
There is an open door, spattered with blood here.
The boulder beetle hits you!!
You die...

# ≈## #########≈≈#+++#
########≈≈≈....
.......#≈≈≈≈.##+#
.....∩.#≈≈≈≈###.###
∩...∩.∩#≈≈≈≈#..#..#
.∩.∩.∩.#≈≈####.#@####
∩.∩.∩..#≈##.###B###.##
.∩.∩...#÷#...##○##...#
..⌠....'≈'.##'.○.÷.#
.......#≈###○##°##...#
▓▓▓▓▓###≈##.# #°###.##
sF######≈≈### .#. ##
$F#S ##≈≈≈#.. .° P(+$.
#'#≈##. $##


You could see a boulder beetle (rolling).

Vanquished Creatures
  A water moccasin (D)
  4 necrophages (D)
  5 scorpions (D)
  3 worms (D)
13 creatures vanquished.

Vanquished Creatures (others)
  Menkaure (D)
  A water moccasin (D)
2 creatures vanquished.

Grand Total: 15 creatures vanquished

Notes
Turn   | Place    | Note
-------+----------+-------------------------------------------
     0 | D        | boopmooplesden the Minotaur Berserker began the quest for
                  | the Orb.
     0 | D        | Reached XP level 1. HP: 19/19 MP: 0/0
     1 | D        | Noticed a scorpion
     1 | D        | Noticed a scorpion
     1 | D        | Noticed a scorpion
     1 | D        | Noticed a scorpion
     5 | D        | Killed a scorpion
     6 | D        | Reached XP level 2. HP: 27/31 MP: 1/1
     6 | D        | Reached XP level 3. HP: 33/38 MP: 2/2
     7 | D        | Killed a scorpion
     8 | D        | Reached XP level 4. HP: 42/48 MP: 3/3
     9 | D        | Killed a scorpion
     9 | D        | Reached ** piety under Trog
    10 | D        | Reached XP level 5. HP: 48/56 MP: 4/4
    15 | D        | Reached skill level 5 in Armour
    54 | D        | Killed a water moccasin
    79 | D        | Killed Menkaure
   220 | D        | Noticed a necrophage
   220 | D        | Noticed a necrophage
   220 | D        | Noticed a necrophage
   220 | D        | Noticed a necrophage
   223 | D        | Killed a necrophage
   224 | D        | Reached skill level 10 in Fighting
   224 | D        | Reached skill level 10 in Axes
   224 | D        | Reached skill level 5 in Dodging
   224 | D        | Reached XP level 6. HP: 67/67 MP: 5/5
   229 | D        | Reached *** piety under Trog
   234 | D        | Reached XP level 7. HP: 75/75 MP: 6/6
   282 | D        | Noticed a boulder beetle
   282 | D        | Noticed a boulder beetle
   293 | D        | Reached **** piety under Trog
   298 | D        | Found Jeattal's Distillery.
   298 | D        | Found Okkuta's General Store.
   298 | D        | Found Motud's Magic Scroll Emporium.
   298 | D        | Found Xubade's Book Shoppe.
   298 | D        | Found Uroiw's Jewellery Shoppe.
   299 | D        | Found Hurcho Ucloc's Distillery.
   299 | D        | Found Ukhleir's Armour Emporium.
   299 | D        | Found Catal's Jewellery Shoppe.
   300 | D        | Found Unic's Antique Weapon Shoppe.
   300 | D        | Found Hytiv's Book Emporium.
   300 | D        | Noticed a cane toad
   300 | D        | Noticed a cane toad
   300 | D        | Noticed a redback
   310 | D        | Noticed a redback
   482 | D        | Found Ihuasuba's Distillery.
   482 | D        | Found Qivesuw's Antique Armour Shoppe.
   482 | D        | Noticed an oklob plant
   483 | D        | Found Niutsymy's Distillery.
   483 | D        | Found Pemmus's Antique Armour Emporium.
   483 | D        | Found Vetow's Book Shoppe.
   494 | D        | Bought an ancient leather armour for 147 gold pieces
   494 | D        | Identified the +1 leather armour of the Mackerel {Rampage
                  | Will+} (You bought it in a shop in the Dungeon)
   505 | D        | Bought a hat for 104 gold pieces
   505 | D        | Bought a pair of boots for 117 gold pieces
   553 | D        | HP: 1/117 [boulder beetle (9)]
   562 | D        | Annihilated by a boulder beetle

Illustrated notes

Levels and vault maps discovered:
D:        the_violet_keep_of_menkaure [sprint2_stairs_cluster_1,
          sprint2_shoproom, sprint2_temple, sprint2_basic_supplies,
          sprint2_obstacle_4, sprint2_obstacle_1, sprint2_obstacle_5,
          sprint2_obstacle_7, sprint2_obstacle_2, sprint2_timed_cluster_1,
          sprint2_smallroom_cluster_1, sprint2_smallroom_final_cluster_1,
          sprint2_transparent_cluster_1, sprint2_second_timed_cluster_1,
          sprint2_sniper_area_1, sprint2_heavy_combat_area_1,
          sprint2_mutation_trap_area_1, sprint2_forest_area_1,
          sprint2_light_combat_area_1, sprint2_behind_water_1,
          sprint2_near_end_vault_1]

Skill      XL: |  1  2  3  4  5  6  7 |
---------------+----------------------+-----
Fighting       | 6 7 8 10 11 12 | 12.6
Axes           | 6 7 9 10 12 | 12.8
Armour         | 3 4 5 6 |  6.8
Dodging        | 3 4 5 6 |  6.3

Action                   |  1- 3 |  4- 6 |  7- 9 || total
-------------------------+-------+-------+-------++-------
Melee: Hand axe          |     5 |    18 |    33 ||    56
       Headbutt          |     1 |     5 |     8 ||    14
Invok: Berserk           |     1 |     1 |     1 ||     3
Dodge: Dodged            |       |     2 |    10 ||    12
